| TOP OF THE 1ST |
|
Altoona Curve batting - Pitching for Tulsa Drillers : LHP Jonathan Daniels
|
|
Pitching: LHP Jonathan Daniels
|
|
|
Batting: LHB Sammy Roddenberry
|
0-0: Ball 1-0: Called Strike 1-1: Swinging Strike 1-2: Strikes out swinging
|
|
Batting: RHB Keiji Nakajima
|
0-0: Ground out 6-3 (Groundball, 6, EV 101.9 MPH)
|
|
Batting: RHB Etsuro Hosokawa
|
0-0: Ball 1-0: Ball 2-0: Ball 3-0: Called Strike 3-1: Swinging Strike 3-2: Ground out 4-3 (Groundball, 4M, EV 100.0 MPH)
|
| Top of the 1st over - 0 runs, 0 hits, 0 errors, 0 left on base; Altoona 0 - Tulsa 0 |
| BOTTOM OF THE 1ST |
|
Tulsa Drillers batting - Pitching for Altoona Curve : RHP Jeremy Parsnip
|
|
Pitching: RHP Jeremy Parsnip
|
|
|
Batting: RHB Josh Crenwelge
|
0-0: Called Strike 0-1: Swinging Strike 0-2: Ball 1-2: Ball 2-2: Strikes out swinging
|
|
Batting: SHB Nate Kopchak
|
0-0: Ball 1-0: Ball 2-0: Ball 3-0: Called Strike 3-1: Fly out, F7 (Flyball, 7, EV 81.2 MPH)
|
|
Batting: LHB Kevin Wiebe
|
0-0: Foul Ball, location: 2F 0-1: Ball 1-1: Ground out U3 (Groundball, 34, EV 77.5 MPH)
|
| Bottom of the 1st over - 0 runs, 0 hits, 0 errors, 0 left on base; Altoona 0 - Tulsa 0 |
| TOP OF THE 2ND |
|
Altoona Curve batting - Pitching for Tulsa Drillers : LHP Jonathan Daniels
|
|
Batting: LHB Nick Rooney
|
0-0: Foul Ball, location: 2F 0-1: Ball 1-1: Called Strike 1-2: Foul Ball, location: 2F 1-2: Foul Ball, location: 2F 1-2: Ball 2-2: Ground out 5-3 (Groundball, 5S, EV 66.2 MPH)
|
|
Batting: RHB Freddy Quintero
|
0-0: Ball 1-0: Ball 2-0: Foul Ball, location: 2F 2-1: Ball 3-1: Foul Ball, location: 2F 3-2: Base on Balls
|
|
Batting: LHB Ruben Garza
|
0-0: Ball 1-0: Foul Ball, location: 2F 1-1: Ball 2-1: Fielders Choice at 2nd, U6 (Groundball, 4M, EV 95.0 MPH)
|
|
Batting: RHB Mike Velazquez
|
0-0: Ball 1-0: SINGLE (Groundball, 6D, EV 108.8 MPH) Ruben Garza to second
|
|
Batting: RHB Richard Barrios
|
0-0: Ball Wild Pitch! Ruben Garza to third Mike Velazquez to second 1-0: Ball 2-0: Foul Ball, location: 2F 2-1: Ground out 4-3 (Groundball, 4, EV 109.4 MPH)
|
| Top of the 2nd over - 0 runs, 1 hit, 0 errors, 2 left on base; Altoona 0 - Tulsa 0 |
| BOTTOM OF THE 2ND |
|
Tulsa Drillers batting - Pitching for Altoona Curve : RHP Jeremy Parsnip
|
|
Batting: LHB Chris Buchan
|
0-0: Swinging Strike 0-1: Ball 1-1: DOUBLE (Flyball, 8LXD, EV 111.2 MPH)
|
|
Batting: SHB Justin Toth
|
0-0: Swinging Strike 0-1: Foul Ball, location: 2F 0-2: Foul Ball, location: 2F 0-2: Ball 1-2: Foul Ball, location: 2F 1-2: Ground out 3-1 (Groundball, 34S, EV 82.5 MPH) Chris Buchan to third
|
|
Batting: RHB Marcos Villalobos
|
0-0: Ball 1-0: Ball 2-0: Ball 3-0: Base on Balls
|
|
Batting: LHB Chris Barrera
|
0-0: Foul Ball, location: 2F 0-1: Foul Ball, location: 2F 0-2: Foul Ball, location: 2F 0-2: Fly out, F9 (Line Drive, 9S, EV 90.0 MPH)
|
|
Batting: RHB Aaron Burress
|
0-0: Ball 1-0: SINGLE (Line Drive, 7S, EV 98.1 MPH) Chris Buchan scores Marcos Villalobos to second
|
|
Batting: RHB Kyle Garrett
|
0-0: Fly out, F9 (Flyball, 9LD, EV 104.4 MPH)
|
| Bottom of the 2nd over - 1 run, 2 hits, 0 errors, 2 left on base; Altoona 0 - Tulsa 1 |
| TOP OF THE 3RD |
|
Altoona Curve batting - Pitching for Tulsa Drillers : LHP Jonathan Daniels
|
|
Batting: RHB Pleun Smit
|
0-0: Called Strike 0-1: Called Strike 0-2: Foul Ball, location: 2F 0-2: Foul Ball, location: 2F 0-2: Foul Ball, location: 2F 0-2: Ball 1-2: Foul Ball, location: 2F 1-2: Strikes out looking
|
|
Batting: LHB Sammy Roddenberry
|
0-0: Ball 1-0: Called Strike 1-1: Fly out, F9 (Flyball, 9LM, EV 93.8 MPH)
|
|
Batting: RHB Keiji Nakajima
|
0-0: Ground out 4-3 (Groundball, 4S, EV 73.1 MPH)
|
| Top of the 3rd over - 0 runs, 0 hits, 0 errors, 0 left on base; Altoona 0 - Tulsa 1 |
| BOTTOM OF THE 3RD |
|
Tulsa Drillers batting - Pitching for Altoona Curve : RHP Jeremy Parsnip
|
|
Batting: RHB Josh Crenwelge
|
0-0: Ball 1-0: Ball 2-0: Ball 3-0: Base on Balls
|
|
Batting: SHB Nate Kopchak
|
0-0: Ball 1-0: Foul Ball, location: 2F 1-1: Foul Ball, location: 2F 1-2: Ball 2-2: Ball 3-2: Foul Ball, location: 2F 3-2: Foul Ball, location: 2F 3-2: Foul Ball, location: 2F 3-2: Foul Ball, location: 2F 3-2: Strikes out swinging
|
|
Batting: LHB Kevin Wiebe
|
0-0: Called Strike 0-1: Grounds into double play, 4-6-3 (Groundball, 3, EV 81.9 MPH)
|
| Bottom of the 3rd over - 0 runs, 0 hits, 0 errors, 0 left on base; Altoona 0 - Tulsa 1 |
| TOP OF THE 4TH |
|
Altoona Curve batting - Pitching for Tulsa Drillers : LHP Jonathan Daniels
|
|
Batting: RHB Etsuro Hosokawa
|
0-0: DOUBLE (Line Drive, 89XD, EV 98.8 MPH)
|
|
Batting: LHB Nick Rooney
|
0-0: Ball 1-0: Ball 2-0: Ground out 6-3 (Groundball, 6, EV 81.9 MPH) Etsuro Hosokawa to third
|
|
Batting: RHB Freddy Quintero
|
0-0: Ball 1-0: DOUBLE (Line Drive, 9LS, EV 94.4 MPH) Etsuro Hosokawa scores
|
|
Batting: LHB Ruben Garza
|
0-0: Ball 1-0: Foul Ball, location: 2F 1-1: Ball 2-1: Swinging Strike 2-2: Ball 3-2: Foul Ball, location: 2F 3-2: Strikes out looking
|
|
Batting: RHB Mike Velazquez
|
0-0: Called Strike 0-1: Ball 1-1: Ball 2-1: Called Strike 2-2: Strikes out swinging
|
| Top of the 4th over - 1 run, 2 hits, 0 errors, 1 left on base; Altoona 1 - Tulsa 1 |
| BOTTOM OF THE 4TH |
|
Tulsa Drillers batting - Pitching for Altoona Curve : RHP Jeremy Parsnip
|
|
Batting: LHB Chris Buchan
|
0-0: Ball 1-0: Ball 2-0: Called Strike 2-1: Swinging Strike 2-2: Ball 3-2: Fly out, F9 (Flyball, 9LD, EV 105.0 MPH)
|
|
Batting: SHB Justin Toth
|
0-0: Ball 1-0: Called Strike 1-1: Called Strike 1-2: Foul Ball, location: 2F 1-2: Ground out 6-3 (Groundball, 4M, EV 86.9 MPH)
|
|
Batting: RHB Marcos Villalobos
|
0-0: Ball 1-0: Ground out 3-1 (Groundball, 34S, EV 83.8 MPH)
|
| Bottom of the 4th over - 0 runs, 0 hits, 0 errors, 0 left on base; Altoona 1 - Tulsa 1 |
| TOP OF THE 5TH |
|
Altoona Curve batting - Pitching for Tulsa Drillers : LHP Jonathan Daniels
|
|
Batting: RHB Richard Barrios
|
0-0: Foul Ball, location: 2F 0-1: Ball 1-1: Foul Ball, location: 2F 1-2: Foul Ball, location: 2F 1-2: Foul Ball, location: 2F 1-2: Ball 2-2: Strikes out swinging
|
|
Batting: RHB Pleun Smit
|
0-0: Foul Ball, location: 2F 0-1: Swinging Strike 0-2: Strikes out swinging
|
|
Batting: LHB Sammy Roddenberry
|
0-0: Called Strike 0-1: Called Strike 0-2: Ball 1-2: Foul Ball, location: 2F 1-2: Strikes out swinging
|
| Top of the 5th over - 0 runs, 0 hits, 0 errors, 0 left on base; Altoona 1 - Tulsa 1 |
| BOTTOM OF THE 5TH |
|
Tulsa Drillers batting - Pitching for Altoona Curve : RHP Jeremy Parsnip
|
|
Batting: LHB Chris Barrera
|
0-0: Ground out 4-3 (Groundball, 4, EV 84.4 MPH)
|
|
Batting: RHB Aaron Burress
|
0-0: Called Strike 0-1: Swinging Strike 0-2: Foul Ball, location: 2F 0-2: Ball 1-2: Ground out 6-3 (Groundball, 6S, EV 81.2 MPH)
|
|
Batting: RHB Kyle Garrett
|
0-0: Ball 1-0: SINGLE (Line Drive, 6D, EV 99.4 MPH)
|
|
Batting: RHB Josh Crenwelge
|
0-0: Ball 1-0: Ball 2-0: SINGLE (Line Drive, 56D, EV 97.5 MPH) Kyle Garrett to second
|
|
Batting: SHB Nate Kopchak
|
0-0: Ball 1-0: Called Strike 1-1: Fly out, F8 (Flyball, 78S, EV 88.1 MPH)
|
| Bottom of the 5th over - 0 runs, 2 hits, 0 errors, 2 left on base; Altoona 1 - Tulsa 1 |
| TOP OF THE 6TH |
|
Altoona Curve batting - Pitching for Tulsa Drillers : LHP Jonathan Daniels
|
|
Batting: RHB Keiji Nakajima
|
0-0: Foul Ball, location: 2F 0-1: Ball 1-1: Ground out 6-3 (Groundball, 6M, EV 81.2 MPH)
|
|
Pitching: LHP William Lobo
|
|
|
Batting: RHB Etsuro Hosokawa
|
0-0: SINGLE (Line Drive, 78S, EV 104.4 MPH)
|
|
Batting: LHB Nick Rooney
|
0-0: Ball 1-0: Ball 2-0: Called Strike 2-1: Foul Ball, location: 2F 2-2: Fielders Choice at 2nd, 3-6 (Groundball, 3, EV 86.2 MPH)
|
|
Batting: RHB Freddy Quintero
|
0-0: Swinging Strike 0-1: Foul Ball, location: 2F 0-2: Ball 1-2: Foul Ball, location: 2F 1-2: Ball 2-2: Strikes out looking
|
| Top of the 6th over - 0 runs, 1 hit, 0 errors, 1 left on base; Altoona 1 - Tulsa 1 |
| BOTTOM OF THE 6TH |
|
Tulsa Drillers batting - Pitching for Altoona Curve : RHP Jeremy Parsnip
|
|
Batting: LHB Kevin Wiebe
|
0-0: Ball 1-0: Ground out 4-3 (Groundball, 4, EV 92.5 MPH)
|
|
Batting: LHB Chris Buchan
|
0-0: Called Strike 0-1: Ball 1-1: Ball 2-1: SINGLE (Groundball, 34D, EV 100.6 MPH)
|
|
Batting: SHB Justin Toth
|
0-0: Foul Ball, location: 2F 0-1: Swinging Strike 0-2: Fly out, F7 (Flyball, 78M, EV 94.4 MPH)
|
|
Batting: RHB Marcos Villalobos
|
0-0: Ball 1-0: SINGLE (Groundball, 6MD, EV 105.0 MPH) Chris Buchan to second
|
|
Pinch Runner at 2nd Daniel Samano:
|
|
|
Batting: LHB Chris Barrera
|
0-0: Ground out 3-1 (Groundball, 34, EV 103.1 MPH)
|
| Bottom of the 6th over - 0 runs, 2 hits, 0 errors, 2 left on base; Altoona 1 - Tulsa 1 |
| TOP OF THE 7TH |
|
Altoona Curve batting - Pitching for Tulsa Drillers : LHP William Lobo
|
|
Now at 1B: Jonathan Kirsch
|
|
|
Pinch Hitting: RHB Terry Sutherland
|
0-0: Ball 1-0: Called Strike 1-1: Ball 2-1: Foul Ball, location: 2F 2-2: Ball 3-2: Base on Balls
|
|
Batting: RHB Mike Velazquez
|
0-0: Called Strike 0-1: Ball 1-1: Ball Wild Pitch! Terry Sutherland to second 2-1: Foul Ball, location: 2F 2-2: Strikes out looking
|
|
Batting: RHB Richard Barrios
|
0-0: Fly out, F5 (Popup, 56S, EV 88.1 MPH)
|
|
Batting: RHB Pleun Smit
|
0-0: Called Strike 0-1: Foul Ball, location: 2F 0-2: Foul Ball, location: 2F 0-2: Foul Ball, location: 2F 0-2: Foul Ball, location: 2F 0-2: Strikes out looking
|
| Top of the 7th over - 0 runs, 0 hits, 0 errors, 1 left on base; Altoona 1 - Tulsa 1 |
| BOTTOM OF THE 7TH |
|
Tulsa Drillers batting - Pitching for Altoona Curve : RHP Jeremy Parsnip
|
|
Now in LF: Jordan Robinson
|
|
|
Now in RF: Etsuro Hosokawa
|
|
|
Batting: RHB Aaron Burress
|
0-0: Ball 1-0: Called Strike 1-1: Foul Ball, location: 2F 1-2: Foul Ball, location: 2F 1-2: SOLO HOME RUN (Flyball, 78XD, EV 98.8 MPH), Distance : 385 ft
|
|
Batting: RHB Kyle Garrett
|
0-0: Ground out 4-3 (Groundball, 4, EV 85.6 MPH)
|
|
Batting: RHB Josh Crenwelge
|
0-0: Called Strike 0-1: Ball 1-1: Fly out, F9 (Flyball, 9S, EV 87.5 MPH)
|
|
Batting: SHB Nate Kopchak
|
0-0: Ball 1-0: SINGLE (Line Drive, 78M, EV 86.9 MPH)
|
|
Batting: LHB Kevin Wiebe
|
0-0: Ball 1-0: Ball 2-0: Ball 3-0: Base on Balls Nate Kopchak to second
|
|
Batting: RHB Jonathan Kirsch
|
0-0: Fly out, F7 (Flyball, 7D, EV 102.5 MPH)
|
| Bottom of the 7th over - 1 run, 2 hits, 0 errors, 2 left on base; Altoona 1 - Tulsa 2 |
| TOP OF THE 8TH |
|
Altoona Curve batting - Pitching for Tulsa Drillers : LHP William Lobo
|
|
Pitching: RHP Jeff Coates
|
|
|
Batting: LHB Sammy Roddenberry
|
0-0: Ball 1-0: Called Strike 1-1: Ball 2-1: Foul Ball, location: 2F 2-2: Foul Ball, location: 2F 2-2: Fly out, F7 (Flyball, 78M, EV 86.9 MPH)
|
|
Pinch Hitting: LHB Phil DeCamp
|
0-0: Swinging Strike 0-1: Ball 1-1: Called Strike 1-2: Foul Ball, location: 2F 1-2: Fly out, F9 (Flyball, 9S, EV 77.5 MPH)
|
|
Batting: RHB Etsuro Hosokawa
|
0-0: Foul Ball, location: 2F 0-1: Swinging Strike 0-2: SINGLE (Line Drive, 4MD, EV 101.9 MPH)
|
|
Batting: LHB Nick Rooney
|
0-0: Ball 1-0: Ball 2-0: Called Strike 2-1: Foul Ball, location: 2F 2-2: Strikes out swinging
|
| Top of the 8th over - 0 runs, 1 hit, 0 errors, 1 left on base; Altoona 1 - Tulsa 2 |
| BOTTOM OF THE 8TH |
|
Tulsa Drillers batting - Pitching for Altoona Curve : RHP Jeremy Parsnip
|
|
Now at 2B: Curtis Thompson
|
|
|
Batting: SHB Justin Toth
|
0-0: Called Strike 0-1: Fly out, F7 (Flyball, 78S, EV 88.1 MPH)
|
|
Batting: RHB Marcos Villalobos
|
0-0: Ground out 6-3 (Groundball, 6, EV 86.2 MPH)
|
|
Batting: LHB Chris Barrera
|
0-0: Called Strike 0-1: Ball 1-1: Fly out, F4 (Line Drive, 4M, EV 65.0 MPH)
|
| Bottom of the 8th over - 0 runs, 0 hits, 0 errors, 0 left on base; Altoona 1 - Tulsa 2 |
| TOP OF THE 9TH |
|
Altoona Curve batting - Pitching for Tulsa Drillers : RHP Jeff Coates
|
|
Pitching: RHP Etsuji Kawasaki
|
|
|
Batting: RHB Freddy Quintero
|
0-0: Ground out 6-3 (Groundball, 6, EV 104.4 MPH)
|
|
Pinch Hitting: LHB Gregg Kellerman
|
0-0: Called Strike 0-1: Swinging Strike 0-2: Ball 1-2: Strikes out swinging
|
|
Batting: RHB Mike Velazquez
|
0-0: Ball 1-0: Called Strike 1-1: Foul Ball, location: 2F 1-2: Fly out, F9 (Flyball, 9S, EV 86.9 MPH)
|
| Top of the 9th over - 0 runs, 0 hits, 0 errors, 0 left on base; Altoona 1 - Tulsa 2 |
|